 Dungeon Crawl Stone Soup version 0.27-a0-1217-g8a41f320e8 (webtiles) character file.

Game seed: 5147935118944742120

99386 Xplodonator the Impaler (level 15, -7/124 HPs)
             Began as a Minotaur Berserker on June 6, 2021.
             Was a High Priest of Trog.
             Killed from afar by a starcursed mass (9 damage)
             ... with an accursed screaming
             ... on level 3 of the Abyss.
             The game lasted 02:43:16 (31071 turns).

Xplodonator the Impaler (Minotaur Berserker)       Turns: 31071, Time: 02:43:16

Health: -7/124     AC: 21    Str: 32    XL:     15   Next: 77%
Magic:  11/11      EV: 12    Int:  0    God:    Trog [*****.]
Gold:   2197       SH: 20    Dex: 13    Spells: 14/14 levels left

rFire    + + .     SeeInvis .   b - +11 falchion "Qithionn" {speed, Dex+2}
rCold    + . .     Faith    .   a - +0 kite shield
rNeg     . . .     Spirit   .   n - +0 plate armour {rF+}
rPois    .         Reflect  +   (helmet restricted)
rElec    .         Harm     .   s - scarf {rC+ rF+}
rCorr    .         Rampage  .   D - +2 pair of gloves {Str+3}
Will     +....     Rnd*Rage +   d - +1 pair of boots Stlth ..........Rnd*Tele +
                                A - amulet of reflection
HPRegen  0.00/turn              e - +6 ring of strength
MPRegen  0.12/turn              i - +4 ring of protection

@: unable to read, mildly diseased, slowed, lost intelligence, very slow
A: horns 2, retaliatory headbutt, robust 1, inability to read while threatened,
[berserk 3], [deformed body], [deterioration 2], [dopey 2], [frail 2], [low mp
2], [teleportitis 2], [weak 2], [subdued magic 3]
a: Renounce Religion, Berserk, Trog's Hand, Brothers in Arms


You were on level 3 of the Abyss.
You worshipped Trog.
Trog was extremely pleased with you.
You visited 7 branches of the dungeon, and saw 22 of its levels.
You visited the Abyss 1 time.

You collected 2197 gold pieces.

Inventory:

Hand Weapons
 b - the +11 falchion "Qithionn" (weapon) {speed, Dex+2}
   (You found it on level 1 of the Elven Halls)

   Attacks with this weapon are significantly faster.
   It affects your dexterity (+2).
 E - a +0 hand crossbow
 M - a +2 trident of protection
 S - a +3 antimagic halberd
 T - a +4 vorpal trident
 U - a +3 vorpal demon trident
Missiles
 r - 2 boomerangs (quivered)
 z - 9 throwing nets
Armour
 a - a +0 kite shield (worn)
 d - a +1 pair of boots (worn)
 n - a +0 plate armour of fire resistance (worn)
 s - a scarf of resistance (worn)
 u - a +0 plate armour
 D - a +2 pair of gloves of strength (worn)
 R - the +0 scale mail "Suukhlia" {rPois rC+ Dex+6}
   (You found it on level 6 of the Lair of Beasts)

   It affects your dexterity (+6).
   It protects you from cold.
   It protects you from poison.
Jewellery
 e - a +6 ring of strength (left hand)
 i - a +4 ring of protection (right hand)
 k - an amulet of the acrobat
 q - a ring of resist corrosion
 A - an amulet of reflection (around neck)
 B - a ring of willpower
 I - an amulet of the acrobat
Wands
 g - a wand of iceblast (10)
 p - a wand of mindburst (14)
 y - a wand of paralysis (2)
Scrolls
 h - a scroll of immolation
 j - 2 scrolls of fear
 t - 8 scrolls of identify
 v - 6 scrolls of teleportation
 w - 2 scrolls of enchant armour
 F - a scroll of summoning
 K - 3 scrolls of noise
Potions
 c - 2 potions of resistance
 f - 3 potions of flight
 l - a potion of haste
 m - 5 potions of attraction
 o - 3 potions of curing
 x - 2 potions of ambrosia
 C - 2 potions of heal wounds
 H - 2 potions of cancellation
 N - a potion of might


   Skills:
 - Level 14.0 Fighting
 * Level 12.0 Long Blades
 - Level 16.0 Polearms
 - Level 14.4 Armour
 - Level 10.4 Dodging
 - Level 15.0 Shields


You had 14 spell levels left.
You didn't know any spells.
Your spell library was empty.

Dungeon Overview and Level Annotations

Branches:
Dungeon (9/15)             Temple (0/1) D:5            Lair (6/6) D:9
 Spider (1/4) Lair:3        Slime (2/5) Lair:6          Orc (2/2) D:9
    Elf (1/3) Orc:2          Hell (visited)
  Swamp: Lair:2-4    Shoals: Lair:2-4       Dis: Hell:1         Geh: Hell:1
    Coc: Hell:1         Tar: Hell:1

Altars:
Ashenzari
Elyvilon
Fedhas
Gozag
Hepliaklqana
Kikubaaqudgha
Makhleb
Ru
Trog
Uskayaw
Vehumet
Xom
The Shining One
Beogh
Jiyva

Shops:
D:6 =   Orc:2 [!(!

Portals:
Hell: Lair:6

Annotations:
Lair:4 Ottifant of Deat, 2 exclusions
Hell Geryon


Innate Abilities, Weirdness & Mutations

You have a pair of horns on your head.
You reflexively headbutt those who attack you in melee.
You are robust. (+10% HP)
You sometimes lose the ability to read scrolls when taking damage.
[You have an uncontrollable temper.]
[Armour fits poorly on your strangely shaped body.]
[Your body often deteriorates upon taking damage.]
[You are very dopey. (Int -4)]
[You are very frail. (-20% HP)]
[Your magical capacity is very low. (-20% MP)]
[You are sometimes teleported next to monsters.]
[You are very weak. (Str -4)]
[Your spells are much easier to cast, but much less powerful.]


Message History

The wretched star pulses with an eldritch light!
Your body twists and deforms.
You feel stupid. x2
You have lost your intelligence.
The starcursed mass touches you but does no damage.
The starcursed mass touches you.
The starcursed mass touches you but does no damage.
A chorus of shrieks assaults your mind.
* * * LOW HITPOINT WARNING * * *
You can move again.
You block the starcursed mass's attack.
You hit the starcursed mass but do no damage.
You headbutt the starcursed mass.
The starcursed mass is heavily damaged.
The starcursed mass shudders and is absorbed by its neighbour.
The starcursed mass shrieks in your mind.
* * * LOW HITPOINT WARNING * * *
You block the starcursed mass's attack.
You almost manage to decipher the scroll, but fail in this attempt.
The starcursed mass shrieks in your mind.
* * * LOW HITPOINT WARNING * * *
A starcursed mass splits.
The wretched star pulses with an eldritch light!
You feel weirdly uncertain.
You feel even more weirdly uncertain. A chorus of shrieks assaults your mind.
* * * LOW HITPOINT WARNING * * *
A chorus of shrieks assaults your mind.
* * * LOW HITPOINT WARNING * * *
A lurking horror comes into view.
A sixfirhy comes into view.
The wretched star pulses with an eldritch light!
You feel yourself wasting away.
You feel your body start to fall apart.
You feel frail. x2
The sixfirhy moves out of view.
The starcursed mass shrieks in your mind.
* * * LOW HITPOINT WARNING * * *
A wretched star comes into view.
A chorus of shrieks assaults your mind.
You feel threatened and lose the ability to read scrolls!
* * * LOW HITPOINT WARNING * * *
A chorus of shrieks assaults your mind.
You die...

## ... # ### ....#.
..# #..*.##..#
#..@#.# ... . .
###...# # #. #.# #.
#..X##..#... . #...
#.##*##...#
.......##.##.X...###
.....#.. ##..#.#.# #
#....# ##..#....# .
# ##.#..#*
#...###*..
...#......*.
#...#...#.


You could see 2 starcursed masses and 2 wretched stars.

Vanquished Creatures
  Jorgrun (Orc:2)
  A tentacled starspawn (Abyss:3)
  Kirke (Lair:4)
  An orc warlord (Elf:1)
  A quicksilver ooze (Lair:6)
  A deep elf annihilator (Elf:1)
  A deep elf demonologist (Elf:1)
  12 hydras
  Harold (D:7)
  5 two-headed ogres
  A boulder beetle (Lair:3)
  A catoblepas (Lair:6)
  Erolcha (D:9)
  6 dancing weapons (Elf:1)
  6 orc high priests
  4 death yaks (Lair:6)
  3 thrashing horrors (Abyss:3)
  A sun demon (Lair:6)
  2 deep elf knights (Elf:1)
  A wizard (Lair:6)
  Pikel (D:4)
  16 orc knights
  12 deep elf zephyrmancers (Elf:1)
  6 deep elf pyromancers (Elf:1)
  A fire giant skeleton (Abyss:3)
  5 elephants (Lair:5)
  8 black mambas
  2 torpor snails
  2 smoke demons (Abyss:3)
  Maggie (Lair:2)
  An ancient zyme (Abyss:3)
  9 rime drakes
  An efreet (Abyss:3)
  16 cane toads
  13 komodo dragons
  4 ice devils (Lair:6)
  A hellwing (Lair:6)
  A troll (Orc:2)
  A red devil (Lair:6)
  A polar bear (Lair:5)
  6 dream sheep
  12 blink frogs
  2 air elementals (Elf:1)
  3 redbacks (Lair:3)
  A wraith (D:9)
  A fire elemental (Abyss:3)
  4 wyverns
  2 water elementals (Elf:1)
  43 yaks
  2 steam dragons
  A vampire mosquito (D:8)
  4 basilisks
  3 wargs
  An acid dragon (D:8)
  A swamp worm (Lair:4)
  4 hell hounds (Lair:6)
  21 water moccasins
  Duvessa (D:4)
  54 orc warriors
  2 large abominations (Abyss:3)
  A sky beast (D:8)
  2 hornet zombies
  A black bear (D:5)
  2 ice beasts (D:8)
  9 ogres
  3 necrophages
  5 centaurs
  7 wolves
  A lemure (D:5)
  13 bullfrogs
  3 kobold brigands
  5 gnoll sergeants
  3 scorpions
  An earth elemental (Elf:1)
  A water moccasin zombie (D:5)
  A wyvern zombie (D:7)
  Dowan (D:4)
  A wyvern skeleton (D:5)
  2 killer bees (D:9)
  A small abomination (Abyss:3)
  5 wights
  A howler monkey (D:4)
  6 centaur zombies
  An electric eel (D:6)
  8 starcursed masses (Abyss:3)
  2 bullfrog skeletons
  5 hounds (D:6)
  4 jellies
  30 orc priests
  4 centaur skeletons
  3 gnoll shamans
  13 orc wizards
  Ijyb (D:3)
  3 iguanas
  4 howler monkey zombies
  35 gnolls
  A howler monkey skeleton (D:5)
  4 adders
  A shadow imp (D:5)
  3 white imps
  3 ufetubi
  A worm (D:2)
  2 dart slugs
  84 orcs
  4 ball pythons
  9 bats
  9 endoplasms
  11 goblins
  5 hobgoblins
  2 jackals (D:6)
  4 kobolds
  5 quokkas
  4 frilled lizards
  5 rats (D:2)
666 creatures vanquished.

Vanquished Creatures (collateral kills)
  An orc knight (Elf:1)
1 creature vanquished.

Vanquished Creatures (others)
  A deep elf pyromancer (Elf:1)
  3 humans (Lair:4)
  An orc wizard (D:9)
  An orc (D:6)
  2 bushes (Lair:6)
  47 fungi
  48 plants
103 creatures vanquished.

Grand Total: 770 creatures vanquished

Notes
Turn   | Place    | Note
-------+----------+-------------------------------------------
     0 | D:1      | Xplodonator the Minotaur Berserker began the quest for the
                  | Orb.
     0 | D:1      | Reached XP level 1. HP: 19/19 MP: 0/0
   180 | D:1      | Reached skill level 4 in Polearms
   270 | D:1      | Reached XP level 2. HP: 26/26 MP: 1/1
  1032 | D:2      | Noticed a necrophage
  1044 | D:1      | Killed a necrophage
  1045 | D:1      | Reached skill level 5 in Polearms
  1045 | D:1      | Reached XP level 3. HP: 25/31 MP: 2/2
  1045 | D:1      | Reached XP level 4. HP: 32/39 MP: 3/3
  1315 | D:2      | Reached ** piety under Trog
  1316 | D:2      | Reached skill level 6 in Polearms
  1338 | D:2      | Reached XP level 5. HP: 45/45 MP: 4/4
  2176 | D:3      | Found a bloodstained altar of Trog.
  2190 | D:3      | Found a broken altar of Ashenzari.
  2373 | D:3      | Found a white marble altar of Elyvilon.
  2379 | D:3      | Noticed Ijyb
  2391 | D:3      | Killed Ijyb
  2418 | D:3      | Found a sacrificial altar of Ru.
  2602 | D:3      | Found a radiant altar of Vehumet.
  2979 | D:4      | Noticed Duvessa
  2979 | D:4      | Noticed Dowan
  2999 | D:4      | Killed Duvessa
  3000 | D:4      | Reached skill level 7 in Polearms
  3000 | D:4      | Reached skill level 5 in Armour
  3000 | D:4      | Reached XP level 6. HP: 43/51 MP: 5/5
  3271 | D:4      | Killed Dowan
  3409 | D:4      | Found a hazy altar of Hepliaklqana.
  3970 | D:5      | Entered Level 5 of the Dungeon
  4002 | D:5      | Reached *** piety under Trog
  4010 | D:5      | Noticed Pikel
  4011 | D:5      | Reached skill level 8 in Polearms
  4011 | D:5      | Reached XP level 7. HP: 46/57 MP: 6/6
  4373 | D:4      | Killed Pikel
  4374 | D:4      | Reached skill level 9 in Polearms
  4617 | D:5      | Reached XP level 8. HP: 57/64 MP: 7/7
  4623 | D:5      | Reached skill level 10 in Polearms
  5269 | D:5      | Found a staircase to the Ecumenical Temple.
  5732 | D:6      | Reached skill level 11 in Polearms
  6033 | D:6      | Reached skill level 1 in Shields
  6826 | D:6      | Reached XP level 9. HP: 70/70 MP: 8/8
  7667 | D:6      | Reached **** piety under Trog
  7732 | D:6      | Found an opulent altar of Gozag.
  7732 | D:6      | Found a hide-covered altar of Uskayaw.
  7773 | D:6      | Found a blossoming altar of Fedhas.
  7953 | D:6      | Found Orenu's Jewellery Emporium.
  8168 | D:6      | Reached skill level 12 in Polearms
  8567 | D:7      | Found an ancient bone altar of Kikubaaqudgha.
  8727 | D:7      | Reached skill level 5 in Shields
  9248 | D:7      | Found a glowing golden altar of the Shining One.
  9308 | D:7      | Noticed Harold
  9312 | D:7      | Killed Harold
  9864 | D:8      | Reached XP level 10. HP: 77/77 MP: 9/9
 10125 | D:8      | Noticed a two-headed ogre
 10125 | D:8      | Noticed a five-headed hydra
 10130 | D:8      | Killed a five-headed hydra
 10136 | D:8      | Killed a two-headed ogre
 10137 | D:8      | Reached skill level 5 in Fighting
 10137 | D:8      | Reached skill level 10 in Armour
 10495 | D:8      | Reached skill level 13 in Polearms
 11084 | D:8      | Gained mutation: You sometimes lose the ability to read
                  | scrolls when taking damage. [potion of mutation]
 11084 | D:8      | Gained mutation: You are robust. (+10% HP) [potion of
                  | mutation]
 11453 | D:9      | Noticed a two-headed ogre
 11460 | D:9      | Killed a two-headed ogre
 11461 | D:9      | Reached XP level 11. HP: 100/100 MP: 10/10
 11719 | D:9      | Noticed a two-headed ogre
 11721 | D:9      | Found a shimmering altar of Xom.
 11721 | D:9      | Noticed Erolcha
 11747 | D:9      | Killed a two-headed ogre
 11748 | D:9      | Reached skill level 14 in Polearms
 11757 | D:9      | Killed Erolcha
 11758 | D:9      | Reached skill level 10 in Shields
 11976 | D:9      | Found a staircase to the Lair.
 12040 | D:9      | Noticed a six-headed hydra
 12050 | D:9      | Killed a six-headed hydra
 12625 | D:9      | Found a staircase to the Orcish Mines.
 12700 | D:9      | Reached ***** piety under Trog
 13264 | D:9      | Noticed a two-headed ogre
 13269 | D:9      | Killed a two-headed ogre
 13270 | D:9      | Reached skill level 15 in Polearms
 13807 | Lair:1   | Entered Level 1 of the Lair of Beasts
 14709 | Lair:2   | Noticed a seven-headed hydra
 14726 | Lair:2   | Killed a seven-headed hydra
 14731 | Lair:2   | Noticed Maggie
 14738 | Lair:2   | Killed Maggie
 14739 | Lair:2   | Reached XP level 12. HP: 113/113 MP: 11/11
 15605 | Lair:3   | Noticed a seven-headed hydra
 15635 | Lair:3   | Killed a seven-headed hydra
 15763 | Lair:3   | Reached skill level 16 in Polearms
 16180 | Lair:3   | Found a hole to the Spider Nest.
 16766 | Spider:1 | Entered Level 1 of the Spider Nest
 17148 | Lair:4   | Noticed a boulder beetle
 17148 | Lair:4   | Noticed a four-headed hydra
 17164 | Lair:3   | Killed a boulder beetle
 17165 | Lair:3   | Reached skill level 10 in Fighting
 17281 | Lair:4   | Noticed Kirke
 17497 | Lair:4   | Noticed a sphinx
 17497 | Lair:4   | Killed Kirke
 17587 | Lair:4   | Received a gift from Trog
 17657 | Lair:4   | Noticed a five-headed hydra
 17733 | Lair:4   | Noticed a four-headed hydra
 17752 | Lair:4   | Reached skill level 5 in Dodging
 17752 | Lair:4   | Reached XP level 13. HP: 117/125 MP: 12/12
 17826 | Lair:4   | Noticed a dire elephant
 19944 | Lair:6   | Entered Level 6 of the Lair of Beasts
 20460 | Lair:6   | Reached skill level 15 in Shields
 20619 | Lair:6   | Found a burning altar of Makhleb.
 20637 | Lair:6   | Reached XP level 14. HP: 123/138 MP: 13/13
 20791 | Lair:6   | Found a gateway to Hell.
 20801 | Hell     | Entered the Vestibule of Hell
 20801 | Hell     | Noticed Geryon
 21007 | Lair:6   | Found a runed translucent door.
 21007 | Lair:6   | Found a viscous altar of Jiyva.
 21007 | Lair:6   | Found a staircase to the Slime Pits.
 21753 | Lair:6   | Identified the +0 scale mail "Suukhlia" {rPois rC+ Dex+6}
 22083 | Slime:1  | Entered Level 1 of the Pits of Slime
 22083 | Slime:1  | Noticed a quicksilver ooze
 22097 | Lair:6   | Killed a quicksilver ooze
 22304 | Slime:2  | Noticed an azure jelly
 22304 | Slime:2  | Noticed an azure jelly
 22534 | Orc:1    | Entered Level 1 of the Orcish Mines
 22538 | D:9      | Received a gift from Trog
 22872 | Orc:2    | Entered Level 2 of the Orcish Mines
 22872 | Orc:2    | Found a staircase to the Elven Halls.
 23474 | Orc:2    | Noticed Jorgrun
 23503 | Orc:2    | Killed Jorgrun
 24635 | Orc:2    | Received a gift from Trog
 24661 | Orc:2    | Reached skill level 10 in Dodging
 26230 | Orc:2    | Found Wosin's Distillery.
 26233 | Orc:2    | Found Beof Qiw's Antique Armour Emporium.
 26234 | Orc:2    | Found Upaaf's Weapon Emporium.
 26235 | Orc:2    | Found Guylent's Distillery.
 26410 | Elf:1    | Entered Level 1 of the Elven Halls
 26429 | Elf:1    | Reached XP level 15. HP: 151/151 MP: 4/14
 26690 | Elf:1    | Identified the +11 falchion "Qithionn" {speed, Dex+2}
 26735 | Elf:1    | Reached skill level 1 in Long Blades
 27205 | Elf:1    | Reached skill level 5 in Long Blades
 27776 | Elf:1    | Noticed an orc warlord
 27782 | Elf:1    | Reached ****** piety under Trog
 28327 | Elf:1    | Killed an orc warlord
 28733 | Elf:1    | Received a gift from Trog
 29091 | Elf:1    | Paralysed by a deep elf zephyrmancer for 3 turns
 29102 | Elf:1    | Paralysed by a deep elf zephyrmancer for 5 turns
 29114 | Elf:1    | Noticed a deep elf sorcerer
 29589 | Elf:1    | Reached skill level 10 in Long Blades
 30646 | Elf:1    | Cast into level 3 of the Abyss (a deep elf sorcerer)
 30664 | Abyss:3  | Noticed a tentacled starspawn
 30672 | Abyss:3  | Killed a tentacled starspawn
 31056 | Abyss:3  | Lost intelligence.
 31070 | Abyss:3  | HP: 2/124 [starcursed mass/accursed screaming (9)]
 31071 | Abyss:3  | Killed from afar by a starcursed mass

Illustrated notes

Levels and vault maps discovered:
D:1:      dpeg_arrival_court, layout_loops_corners
D:2:      layout_basic, chequers_serial_rivers_micro_a, st_stairs_10
D:3:      layout_loops_ring, amcnicky_altar_gilded, nicolae_ru_awakened_eye,
          lemuel_round_altar, chequers_temple_overflow_statue_of_worship,
          uniq_ijyb
D:4:      layout_loops_ring, kennysheep_mini_moat, grunt_decor_mini_mirrors,
          uniq_duvessa
D:5:      layout_rooms, minmay_temple_entry_waves, minmay_misc_feat_cross,
          uniq_pikel
D:6:      layout_cave_pods, old_standard_altar,
          gammafunk_temple_overflow_elements, serial_gnoll_camp,
          gnoll_camp_mini_loothouse, gnoll_camp_huts_moat,
          gnoll_camp_mini_house, gnoll_camp_mini_sergeant, gnoll_camp_mini_hut,
          serial_shops, nicolae_shop_stone, due_unseen_surprise
D:7:      layout_loops_cross, general_overflow_altar, kiku_gazebo_pond_becter,
          uniq_harold
D:8:      kennysheep_windowed_halls, layout_rooms, serial_curves,
          eino_curves_03, eino_curves_02
D:9:      minmay_bubble_buster, layout_basic, xom_teletrap_fun, david_orc_5,
          minmay_joined_circles, uniq_erolcha
Lair:1:   layout_cave_pods
Lair:2:   layout_chaotic_city, lemuel_fruit_fields, uniq_maggie
Lair:3:   layout_gridlike, dummy_spider_entry
Lair:4:   nzn_winding_woodlands_cross [nzn_winding_woodlands_5x15_sawtooth,
          nzn_winding_woodlands_5x15_concentric,
          nzn_winding_woodlands_5x15_crooked,
          nzn_winding_woodlands_5x15_lazy_stream,
          nzn_winding_woodlands_15x15_thick_spiral], layout_misc_corridors,
          nicolae_swamp_entry_splash_gauntlet, grunt_megastairs_3, uniq_kirke
Lair:5:   layout_big_grid, serial_bayou_pond_e, hangedman_lair_generics_rect,
          grunt_megastairs_5
Lair:6:   evil_forest, layout_layer_cave, slime_altar_2, lemuel_fruit_tree
Spider:1: layout_spider_delve
Slime:1:  layout_caves
Slime:2:  layout_caves
Orc:1:    layout_caves, enter_bailey_5, nicolae_orc_sculptors_studio
Orc:2:    st_orc_pillars, layout_caves, uniq_jorgrun
Elf:1:    eino_elf_arrival_customs, layout_rooms, special_room
          [special_room_orc], evilmike_minifort, minmay_strange_pillars,
          minmay_elf_sorcery
Hell
Abyss:3:  base:
Zot:4

Skill      XL: |  1  2  3  4  5  6  7  8  9 10 11 12 13 14 15 |
---------------+----------------------------------------------+-----
Polearms       | 4 5 6 7 8 9 11 12 13 15 16 | 16.0
Armour         | 3 4 5 6 8 9 10 11 12 14 | 14.4
Shields        | 2 6 9 11 13 15 | 15.0
Fighting       | 6 8 10 12 14 | 14.0
Dodging        | 5 7 10 | 10.4
Long Blades    | 12 | 12.0

Action                   |  1- 3 |  4- 6 |  7- 9 | 10-12 | 13-15 || total
-------------------------+-------+-------+-------+-------+-------++-------
Melee: Spear             |    33 |    44 |   200 |    55 |       ||   332
       Headbutt          |     8 |    13 |    72 |   166 |   385 ||   644
       Scythe            |       |    48 |    88 |       |       ||   136
       Great sword       |       |     1 |       |       |       ||     1
       Trident           |       |       |    67 |   585 |   594 ||  1246
       Halberd           |       |       |    18 |       |   414 ||   432
       Falchion          |       |       |       |       |   378 ||   378
       Demon trident     |       |       |       |       |    14 ||    14
Throw: Boomerang         |       |    27 |    23 |    10 |    59 ||   119
       Throwing net      |       |       |       |     5 |     1 ||     6
Invok: Berserk           |     2 |     2 |     6 |     8 |     7 ||    25
       Trog's Hand       |       |       |       |     2 |     4 ||     6
       Brothers in Arms  |       |       |       |       |     1 ||     1
  Use: Scroll            |       |     8 |       |    10 |     9 ||    27
       Potion            |       |       |       |     1 |     4 ||     5
 Stab: Sleeping          |     1 |     1 |       |       |       ||     2
       Held in net/web   |       |       |       |     2 |       ||     2
Armor: Animal skin       |     6 |     3 |       |       |       ||     9
       Ring mail         |       |    13 |    35 |       |       ||    48
       Leather armour    |       |     1 |       |     6 |       ||     7
       Chain mail        |       |       |    56 |    63 |       ||   119
       Plate armour      |       |       |       |    93 |   299 ||   392
Dodge: Dodged            |    14 |    45 |   102 |   121 |   233 ||   515
Block: Kite shield       |       |       |    80 |   272 |   461 ||   813
       Other             |       |       |       |       |    53 ||    53
       Reflection        |       |       |       |       |     8 ||     8
       Rpst.: Falchion   |       |       |       |       |     7 ||     7

Table legend: (Time is in decaauts)
 A = Elapsed time spent in this place.
 B = Non-inter-level travel time spent in this place.
 C = Inter-level travel time spent in this place.
 D = Time resting spent in this place.
 E = Time spent auto-exploring this place.
 F = Levels seen in this place.
 G = Mean time per level.
                   A        B        C        D        E       F      G
               +--------+--------+--------+--------+--------+-----+--------+
         Total |  30677 |  29729 |    948 |  11798 |   7259 |  23 | 1333.8 |
       Dungeon |  14010 |  13648 |    362 |   5234 |   4673 |   9 | 1556.7 |
          Lair |   8336 |   7970 |    366 |   2510 |   1870 |   6 | 1389.3 |
   Spider Nest |      4 |      4 |      0 |      0 |      0 |   1 |    4.0 |
    Slime Pits |     67 |     67 |      0 |      0 |      0 |   2 |   33.5 |
  Orcish Mines |   3848 |   3759 |     89 |   1500 |    441 |   2 | 1924.0 |
   Elven Halls |   4033 |   3902 |    131 |   2381 |    275 |   1 | 4033.0 |
          Hell |      1 |      1 |      0 |      0 |      0 |   1 |    1.0 |
         Abyss |    375 |    375 |      0 |    171 |      0 |   1 |  375.0 |
               +--------+--------+--------+--------+--------+-----+--------+

Top non-repeatable levels by time:
   Elf:1: 4033 daAuts
   Orc:2: 2845 daAuts
     D:9: 2653 daAuts
     D:6: 2078 daAuts
  Lair:6: 2019 daAuts
  Lair:5: 1750 daAuts
  Lair:3: 1737 daAuts
     D:4: 1699 daAuts
     D:5: 1661 daAuts
     D:8: 1572 daAuts
     D:1: 1202 daAuts
     D:7: 1200 daAuts
     D:3: 1013 daAuts
   Orc:1: 1003 daAuts
  Lair:4: 989 daAuts
